 Dungeon Crawl Stone Soup version 0.28.0 (webtiles) character file.

Game seed: 12092021350804549830

96 RighteousDevil the Chopper (level 4, -1/37 (39) HPs)
             Began as a Deep Dwarf Gladiator on Feb 14, 2022.
             Slain by Crazy Yiuf (4 damage)
             ... on level 2 of the Dungeon.
             The game lasted 00:02:01 (1499 turns).

RighteousDevil the Chopper (Deep Dwarf Gladiator)   Turns: 1499, Time: 00:02:01

HP:   -1/37 (39)    AC:  4    Str: 20    XL:     4   Next: 41%
MP:   3/3           EV: 12    Int:  8    God:
Gold: 90            SH:  0    Dex: 14    Spells: 3/3 levels left

rFire   + . .      SeeInvis .   a - +0 war axe
rCold   . . .      Faith    .   (no shield)
rNeg    . . .      Spirit   .   b - +0 leather armour
rPois   .          Reflect  .   c - +0 helmet
rElec   .          Harm     .   (no cloak)
rCorr   .          Rampage  .   (no gloves)
Will    +....                   (no boots)
Stlth   +.........              (no amulet)
HPRegen 0.00/turn               k - ring of willpower
MPRegen 0.08/turn               f - ring of protection from fire

@: drained
A: damage resistance, heal wounds, sense surroundings 1, no regeneration
a: Heal Wounds


You were on level 2 of the Dungeon.
You visited 1 branch of the dungeon, and saw 2 of its levels.

You collected 90 gold pieces.

Inventory:

Hand Weapons
 a - a +0 war axe (weapon)
Missiles
 d - a throwing net (quivered)
Armour
 b - a +0 leather armour (worn)
 c - a +0 helmet (worn)
Jewellery
 f - a ring of protection from fire (right hand)
 k - a ring of willpower (left hand)
Scrolls
 g - a scroll of amnesia {unknown}
 i - a scroll of fog {unknown}
 j - a scroll of fear {unknown}
 q - a scroll of teleportation {unknown}
Potions
 e - 3 potions of lignification {unknown}
 h - a potion of curing {unknown}
 l - 2 potions of invisibility {unknown}
 m - 2 potions of mutation {unknown}
 n - a potion of attraction {unknown}
 o - a potion of cancellation {unknown}
 p - 4 potions of heal wounds {unknown}


   Skills:
 - Level 1.7 Fighting
 + Level 5.8 Axes
 - Level 1.7 Throwing
 - Level 3.2 Dodging


You had 3 spell levels left.
You didn't know any spells.
Your spell library contained the following spells:

 Spells                   Type           Power      Damage    Failure   Level
 Gell's Gravitas          Tloc           0%         N/A       83%         3
 Ignite Poison            Fire/Tmut/Pois 0%         N/A       83%         3
 Mephitic Cloud           Conj/Pois/Air  0%         N/A       83%         3
 Teleport Other           Tloc           0%         N/A       83%         3
 Freezing Cloud           Conj/Ice/Air   0%         6-21      100%        5
 Dispersal                Tloc           0%         N/A       100%        6


Dungeon Overview and Level Annotations

Branches:
Dungeon (2/15)

Altars:

Annotations:
D:2 Crazy Yiuf


Innate Abilities, Weirdness & Mutations

You are resistant to damage.
You can heal yourself by infusing magical energy.
You passively map a small area around you.
You do not regenerate.


Message History

You see here a +0 short sword.
Crazy Yiuf says, "Adder!"
Unknown command.
Could not explore, unopened runed door.
You open the door.
Throw: 3 throwing nets
Press: ? - help, Q - select action, (/) - cycle Shift-Dir - straight line, f - Crazy Yiuf
Aim: Crazy Yiuf, wielding a +4 quarterstaff of chaos and wearing a +0 cloak (61% to hit)
You throw a throwing net.
The throwing net closely misses Crazy Yiuf.
Crazy Yiuf closely misses you.
Unknown command.
Throw: 2 throwing nets
Press: ? - help, Q - select action, (/) - cycle Shift-Dir - straight line, f/p - Crazy Yiuf
Aim: Crazy Yiuf, wielding a +4 quarterstaff of chaos and wearing a +0 cloak (61% to hit)
You throw a throwing net. The throwing net hits Crazy Yiuf.
Crazy Yiuf is caught in the net!
Crazy Yiuf screams, "Blight!
Cod action childish."
Crazy Yiuf struggles against the net.
You slash Crazy Yiuf!
Crazy Yiuf is moderately wounded.
Crazy Yiuf struggles against the net.
You hit Crazy Yiuf.
Crazy Yiuf is severely wounded.
Crazy Yiuf struggles against the net.
You hit Crazy Yiuf.
Crazy Yiuf is almost dead.
Crazy Yiuf struggles against the net.
You hit Crazy Yiuf but do no damage.
Crazy Yiuf is severely wounded.
Crazy Yiuf struggles against the net.
The net rips apart, and Crazy Yiuf comes free!
Crazy Yiuf hits you with a +4 quarterstaff of chaos!
You feel drained.
You hit Crazy Yiuf but do no damage.
Crazy Yiuf is severely wounded.
Crazy Yiuf hits you with a +4 quarterstaff of chaos!
* * * LOW HITPOINT WARNING * * *
Crazy Yiuf freezes you.
You die...

#####..##
#### #....#
#..# ♣....♣
#.## ♣...♣♣
#.# ♣♣.♣♣
##### #.#
♣.♣♣ #...##
#.# ♣♣.♣
.....## #.#
♣.♣♣
^.....###.#
♣♣@♣
.^....^##.#
#g#
..........#
...
..........#
#...#
...^......#
#.()#
>..^.^.#.##
#####
......##.#
.....###.#
#..#####.#


You could see Crazy Yiuf.

Vanquished Creatures
  Natasha (D:2)
  2 adders (D:2)
  5 worms (D:2)
  3 endoplasms (D:2)
  7 hobgoblins
  2 jackals (D:1)
  A quokka (D:1)
  5 ball pythons
  5 bats
  2 frilled lizards (D:1)
  2 goblins (D:2)
  A kobold (D:2)
  5 rats
41 creatures vanquished.

Notes
Turn   | Place    | Note
-------+----------+-------------------------------------------
     0 | D:1      | RighteousDevil the Deep Dwarf Gladiator began the quest for
                  | the Orb.
     0 | D:1      | Reached XP level 1. HP: 19/19 MP: 1/1
   202 | D:1      | Reached XP level 2. HP: 23/26 MP: 2/2
   203 | D:1      | Reached skill level 4 in Axes
   648 | D:2      | Reached XP level 3. HP: 26/32 MP: 2/2
   763 | D:2      | Reached skill level 5 in Axes
  1162 | D:2      | Found a runed translucent door.
  1163 | D:2      | Noticed Crazy Yiuf
  1261 | D:2      | Noticed Natasha
  1271 | D:2      | Killed Natasha
  1272 | D:2      | Reached XP level 4. HP: 22/39 MP: 3/3
  1499 | D:2      | Slain by Crazy Yiuf

Illustrated notes

Levels and vault maps discovered:
D:1:      ncdulo_smallfort, layout_rooms, st_stairs_5, grunt_decor_one_mirror
D:2:      minmay_door_path, layout_loops_ring, nicolae_wormholes,
          uniq_crazy_yiuf_cottage, uniq_natasha

Skill      XL: |  1  2  3 |
---------------+----------+-----
Axes           | 4 5 |  5.8
Fighting       | |  1.7
Throwing       | |  1.7
Dodging        | |  3.2

Action                   |  1- 3 |  4- 6 || total
-------------------------+-------+-------++-------
Melee: War axe           |   109 |    14 ||   123
Throw: Throwing net      |       |     2 ||     2
 Abil: Heal Wounds       |     2 |       ||     2
Armor: Leather armour    |    30 |     1 ||    31
Dodge: Dodged            |   101 |     4 ||   105
